[Event "42nd Olympiad Baku 2016 Open"]
[Site "Baku"]
[Date "2016.09.08"]
[Round "6.18"]
[White "Kovalev, Vladislav"]
[Black "Kovalyov, Anton"]
[Result "1/2-1/2"]
[ECO "B90"]
[WhiteElo "2599"]
[BlackElo "2617"]
[Annotator ""]
[PlyCount "137"]
[EventDate "2016.??.??"]
[EventCountry "AZE"]
[SourceTitle "playchess.com"]
[Source "ChessBase"]
[WhiteTeam "Belarus"]
[BlackTeam "Canada"]
[WhiteTeamCountry "BLR"]
[BlackTeamCountry "CAN"]
[TimeControl "40/5400+30:1800+30"]

1. e4 {(00:00} c5 {(00:00} 2. Nf3 {(00:06} d6 {(
00:00} 3. d4 {(00:27} cxd4 {(00:00} 4. Nxd4 {(00:03}
Nf6 {(00:03} 5. Nc3 {(00:08} a6 {(00:04} 6. h3 {
(01:34} e5 {(00:23} 7. Nde2 {(00:20} h5 {(00:18]
} 8. g3 {(00:25} Be6 {(00:23} 9. Bg2 {(00:39} b5 {
(01:43} 10. O-O {(15:03} Nbd7 {(00:32} 11. a4 {(
00:53} b4 {(03:42} 12. Nd5 {(00:03} Nxd5 {(00:56} 13.
exd5 {(00:43} Bf5 {(00:05} 14. Bd2 {(20:02} a5 {
(09:40} 15. c3 {(01:54} bxc3 {(05:36} 16. Nxc3 {
(01:11} h4 {(07:40} 17. g4 {(15:56} Bd3 {(00:14]
} 18. Re1 {(00:02} Be7 {(05:58} 19. Rc1 {(03:07} Qb8 {
(06:27} 20. Be3 {(04:07} Ba6 {(01:53} 21. Bf1 {(
00:50} Bxf1 {(02:31} 22. Kxf1 {(00:51} O-O {(07:09}
23. Nb5 {(00:12} Rc8 {(02:26} 24. Rc6 {(06:29} Qb7 {
(00:41} 25. Qf3 {(05:28} e4 {(08:44} 26. Qxe4 {(
00:10} Nf6 {(00:10} 27. Qf3 {(01:13} Nxd5 {(00:23} 28.
Rxc8+ {(00:04} Rxc8 {(00:07} 29. Bd2 {(07:31} Qa8 {
(09:05} 30. Nc3 {(09:53} Nxc3 {(01:28} 31. Qxa8 {
(00:03} Rxa8 {(00:06} 32. Bxc3 {(00:01} Bf6 {(
01:09} 33. Bxf6 {(00:03} gxf6 {(00:07} 34. Rd1 {(00:01]
} Rb8 {(06:05} 35. Rxd6 {(00:06} Kg7 {(01:18} 36. Rd5 {
(01:52} Rxb2 {(01:43} 37. Rxa5 {(00:02} Ra2 {(
00:23} 38. Kg2 {(02:26} Ra3 {(01:10} 39. Rh5 {(01:32}
Rxa4 {(00:07} 40. Rxh4 {(00:00} f5 {(00:00} 41. Kg3 {
(03:14} Ra3+ {(01:57} 42. Kf4 {(03:17} fxg4 {(
00:13} 43. Rxg4+ {(00:04} Kh7 {(01:39} 44. f3 {(02:15}
Ra6 {(00:16} 45. Ke5 {(00:20} Re6+ {(00:45} 46. Kf5 {
(00:03} Ra6 {(01:32} 47. f4 {(00:12} Rb6 {(00:
17} 48. Rg3 {(00:40} Rh6 {(00:33} 49. Ke5 {(01:41}
Re6+ {(00:10} 50. Kd5 {(00:10} Rf6 {(01:16} 51. Rg4 {
(03:38} Rh6 {(00:29} 52. h4 {(00:37} Rf6 {(00:
38} 53. Ke5 {(00:06} Re6+ {(00:12} 54. Kf5 {(00:02}
Ra6 {(00:14} 55. Rg2 {(01:13} Rh6 {(00:40} 56. h5 {
(00:24} Ra6 {(00:18} 57. Rd2 {(03:03} Kg7 {(00:
48} 58. Rd5 {(00:07} Rb6 {(00:20} 59. Kg5 {(00:42} Ra6
{(00:36} 60. Rd7 {(00:39} Ra5+ {(00:49} 61. f5 {
(00:41} Ra6 {(00:07} 62. Kf4 {(01:27} Ra4+ {(01:
46} 63. Ke5 {(00:58} Ra5+ {(00:07} 64. Rd5 {(02:31}
Rxd5+ {(00:25} 65. Kxd5 {(00:02} Kh6 {(00:08} 66. Ke5 {
(01:01} Kxh5 {(00:11} 67. Kf6 {(00:04} Kg4 {(00:
06} 68. Kg7 {(00:18} Kxf5 {(00:08} 69. Kxf7 {(00:02}
1/2-1/2

[Event "42nd Olympiad Baku 2016 Open"]
[Site "Baku"]
[Date "2016.09.08"]
[Round "6.25"]
[White "Lam, Daniel King-wai"]
[Black "Kulashko, Alexei"]
[Result "0-1"]
[ECO "E46"]
[WhiteElo "2169"]
[BlackElo "2348"]
[Annotator ""]
[PlyCount "58"]
[EventDate "2016.??.??"]
[EventCountry "AZE"]
[SourceTitle "playchess.com"]
[Source "ChessBase"]
[WhiteTeam "Hong Kong"]
[BlackTeam "New Zealand"]
[WhiteTeamCountry "HKG"]
[BlackTeamCountry "NZL"]
[TimeControl "40/5400+30:1800+30"]

1. d4 {(00:00} Nf6 {(00:00} 2. c4 {(00:00} e6 {(
00:03} 3. Nc3 {(00:50} Bb4 {(00:11} 4. e3 {(02:34} O-O
{(00:56} 5. Nge2 {(01:50} b6 {(02:35} 6. a3 {(
01:09} Be7 {(01:55} 7. Nf4 {(01:24} d5 {(05:27} 8. Bd3
{(06:22} Bb7 {(13:25} 9. O-O {(07:12} Nbd7 {(08:
00} 10. cxd5 {(10:00} exd5 {(00:23} 11. Qf3 {(07:53}
c6 {(00:59} 12. b4 {(02:38} Re8 {(04:10} 13. b5 {
(06:02} Nf8 {(00:54} 14. bxc6 {(05:10} Bxc6 {(
00:05} 15. Bb2 {(07:52} Ng6 {(01:57} 16. Rfc1 {(03:04}
Nxf4 {(01:33} 17. Qxf4 {(00:08} Bd6 {(02:28} 18. Qf3 {
(03:36} Rc8 {(15:01} 19. Ba6 {(01:36} Rc7 {(00:
56} 20. Nb5 {(01:05} Bxb5 {(00:55} 21. Bxb5 {(00:05}
Re6 {(02:58} 22. g3 {(10:43} Ne4 {(01:23} 23. Rxc7 {
(02:29} Bxc7 {(00:59} 24. Qg4 {(06:07} g6 {(11:
00} 25. Bf1 {(01:18} Rf6 {(02:38} 26. f3 {(02:58} h5 {
(01:32} 27. Qh4 {(04:34} Rxf3 {(01:44} 28. Qxd8+ {
(00:43} Bxd8 {(00:01} 29. Rc1 {(00:12} Bg5 {(01:
18} 0-1

[Event "42nd Olympiad Baku 2016 Open"]
[Site "Baku"]
[Date "2016.09.08"]
[Round "6.19"]
[White "Lamawansa, Yasas"]
[Black "Rajaonarison, Faniry"]
[Result "1-0"]
[ECO "A52"]
[WhiteElo "2052"]
[BlackElo "2150"]
[Annotator ""]
[PlyCount "87"]
[EventDate "2016.??.??"]
[EventCountry "AZE"]
[SourceTitle "playchess.com"]
[Source "ChessBase"]
[WhiteTeam "Sri Lanka"]
[BlackTeam "Madagascar"]
[WhiteTeamCountry "SRI"]
[BlackTeamCountry "MAD"]
[TimeControl "40/5400+30:1800+30"]

1. d4 {(00:00} Nf6 {(00:00} 2. c4 {(00:00} e5 {(
00:00} 3. dxe5 {(00:00} Ng4 {(00:00} 4. e3 {(00:13}
Nxe5 {(00:33} 5. Nc3 {(00:07} Nbc6 {(01:26} 6. f4 {
(00:50} Ng6 {(00:42} 7. Bd3 {(00:17} Bc5 {(01:
39} 8. Qh5 {(01:12} Nb4 {(04:54} 9. Be4 {(10:33} Qe7 {
(34:11} 10. Nge2 {(13:23} d5 {(07:30} 11. cxd5 {
(06:50} f5 {(01:55} 12. Bxf5 {(03:01} Bxf5 {(00:
45} 13. Qxf5 {(00:01} Nh4 {(00:56} 14. Qe4 {(01:09}
Qxe4 {(04:25} 15. Nxe4 {(00:01} Bb6 {(00:18} 16. Kf2 {
(25:44} Nxd5 {(13:29} 17. a4 {(06:18} a5 {(03:
35} 18. N4c3 {(15:53} Nb4 {(02:17} 19. g4 {(03:27} Rd8
{(01:47} 20. Rd1 {(02:09} Kf7 {(01:27} 21. Rxd8 {
(01:34} Rxd8 {(00:16} 22. Ne4 {(00:35} Nc2 {(03:
08} 23. Ra2 {(04:21} Re8 {(05:58} 24. N2c3 {(01:30}
Nb4 {(08:07} 25. Ra1 {(00:16} Rd8 {(01:04} 26. Bd2 {
(01:29} Ng6 {(00:37} 27. Ke2 {(00:55} Ne7 {(01:
29} 28. Rd1 {(00:45} c6 {(00:43} 29. Bc1 {(01:03} Rxd1
{(00:24} 30. Nxd1 {(00:30} Bc7 {(00:36} 31. Ndc3 {
(00:33} Ned5 {(00:17} 32. Bd2 {(00:30} h6 {(00:
29} 33. Nxd5 {(00:30} Nxd5 {(00:11} 34. Nc5 {(00:20}
b6 {(00:30} 35. Nd3 {(00:10} g5 {(00:40} 36. h3 {
(00:34} gxf4 {(00:23} 37. exf4 {(00:12} Nf6 {(
01:16} 38. Kf3 {(00:23} Nd5 {(00:18} 39. f5 {(01:03}
Kg7 {(00:19} 40. Nf4 {(00:00} Bxf4 {(00:00} 41. Bxf4 {
(00:25} Nb4 {(08:09} 42. Ke4 {(01:47} b5 {(03:
25} 43. axb5 {(00:55} cxb5 {(00:06} 44. Bd2 {(00:30}
1-0

[Event "42nd Olympiad Baku 2016 Open"]
[Site "Baku"]
[Date "2016.09.08"]
[Round "6.2"]
[White "L'Ami, Erwin"]
[Black "Adhiban, B."]
[Result "0-1"]
[ECO "E33"]
[WhiteElo "2611"]
[BlackElo "2671"]
[Annotator ""]
[PlyCount "132"]
[EventDate "2016.??.??"]
[EventCountry "AZE"]
[SourceTitle "playchess.com"]
[Source "ChessBase"]
[WhiteTeam "Netherlands"]
[BlackTeam "India"]
[WhiteTeamCountry "NED"]
[BlackTeamCountry "IND"]
[TimeControl "40/5400+30:1800+30"]

1. d4 {(00:00} Nf6 {(00:00} 2. c4 {(00:00} e6 {(
00:00} 3. Nc3 {(00:00} Bb4 {(00:00} 4. Qc2 {(00:17}
Nc6 {(00:00} 5. Nf3 {(01:49} d6 {(00:00} 6. Bd2 {
(01:54} Qe7 {(00:46} 7. a3 {(02:24} Bxc3 {(00:
08} 8. Bxc3 {(00:07} a5 {(00:04} 9. e3 {(04:03} O-O {
(00:35} 10. Bd3 {(03:31} h6 {(07:13} 11. O-O {(
02:17} e5 {(03:52} 12. d5 {(10:19} Nb8 {(01:03} 13.
Nd2 {(00:42} a4 {(04:34} 14. f4 {(05:14} Nbd7 {(
00:30} 15. Rae1 {(04:55} Re8 {(00:45} 16. Bf5 {(08:35}
c6 {(16:37} 17. dxc6 {(10:03} bxc6 {(00:01} 18. Ne4 {
(00:26} Nxe4 {(05:30} 19. Bxe4 {(00:31} Ra6 {(
05:13} 20. Rd1 {(02:36} Nf6 {(07:46} 21. Bf3 {(05:56}
c5 {(03:08} 22. Rxd6 {(03:06} Rxd6 {(11:37} 23. fxe5 {
(00:09} Rd7 {(02:44} 24. exf6 {(01:21} Qxe3+ {(
00:02} 25. Kh1 {(03:59} Qd3 {(04:54} 26. Qxd3 {(03:45}
Rxd3 {(00:01} 27. fxg7 {(00:17} Ba6 {(08:52} 28. Bc6 {
(04:45} Re2 {(05:09} 29. Bd5 {(02:19} Re7 {(02:
08} 30. Bf6 {(01:48} Re8 {(01:04} 31. Rc1 {(02:31} Re2
{(08:17} 32. Kg1 {(00:49} Red2 {(01:56} 33. Bf3 {
(01:32} Re3 {(01:05} 34. Bc3 {(01:47} Rd6 {(00:
46} 35. Bd5 {(00:47} Re7 {(00:34} 36. Rd1 {(03:14}
Bxc4 {(00:04} 37. Bf3 {(03:01} Rxd1+ {(00:02} 38. Bxd1
{(00:08} Bb5 {(00:03} 39. Bf3 {(05:01} Re6 {(00:
33} 40. Kf2 {(00:00} Bc6 {(00:00} 41. Bg4 {(11:04} Rd6
{(00:27} 42. Be5 {(05:58} Rd2+ {(00:30} 43. Ke3 {
(00:06} Rxg2 {(00:07} 44. h3 {(00:17} h5 {(06:
30} 45. Bd1 {(03:22} h4 {(02:46} 46. Kf4 {(04:15} Bd7
{(01:10} 47. Bf3 {(01:44} Rg1 {(02:10} 48. Bf6 {
(00:41} Rf1 {(02:42} 49. Ke3 {(00:23} Bxh3 {(02:
19} 50. Bxh4 {(00:21} Kxg7 {(00:06} 51. Bc6 {(01:16}
Rb1 {(00:29} 52. Bxa4 {(00:18} Rxb2 {(00:39} 53. Be7 {
(00:28} c4 {(00:12} 54. Bb4 {(00:31} Kg6 {(00:
31} 55. Kd4 {(01:19} Be6 {(01:28} 56. Kc3 {(04:46} Ra2
{(00:12} 57. Bc6 {(00:47} f5 {(00:34} 58. a4 {(
00:33} f4 {(02:17} 59. a5 {(00:15} Kf5 {(00:13} 60.
Bb7 {(02:25} Ke5 {(00:34} 61. a6 {(00:05} Bd5 {(
00:22} 62. Bc5 {(00:02} f3 {(00:56} 63. Bd4+ {(00:37}
Kd6 {(00:37} 64. Bxd5 {(00:37} Kxd5 {(00:04} 65. a7 {
(00:04} Kc6 {(01:06} 66. Kxc4 {(00:19} Kb7 {(00:
03} 0-1

[Event "42nd Olympiad Baku 2016 Open"]
[Site "Baku"]
[Date "2016.09.08"]
[Round "6.7"]
[White "Larrea, Manuel"]
[Black "Balogh, Csaba"]
[Result "0-1"]
[ECO "B22"]
[WhiteElo "2279"]
[BlackElo "2614"]
[Annotator ""]
[PlyCount "52"]
[EventDate "2016.??.??"]
[EventCountry "AZE"]
[SourceTitle "playchess.com"]
[Source "ChessBase"]
[WhiteTeam "Uruguay"]
[BlackTeam "Hungary"]
[WhiteTeamCountry "URU"]
[BlackTeamCountry "HUN"]
[TimeControl "40/5400+30:1800+30"]

1. e4 {(00:00} c5 {(00:02} 2. c3 {(00:00} d5 {(
00:54} 3. exd5 {(00:00} Qxd5 {(00:04} 4. d4 {(00:00}
Nc6 {(00:19} 5. Nf3 {(01:00} Bf5 {(00:36} 6. Be3 {
(02:17} Nf6 {(01:58} 7. Nbd2 {(07:28} cxd4 {(03:
10} 8. Bc4 {(03:50} dxe3 {(01:27} 9. Bxd5 {(00:26}
exd2+ {(00:04} 10. Qxd2 {(00:32} O-O-O {(00:06} 11. Qf4
{(27:27} Rxd5 {(00:09} 12. O-O {(06:24} e6 {(17:
04} 13. Rfd1 {(12:40} Bd6 {(01:25} 14. Qa4 {(02:41}
Rd8 {(00:50} 15. Rxd5 {(04:55} Nxd5 {(00:07} 16. Nd4 {
(00:52} Nb6 {(01:13} 17. Qb5 {(01:42} Nxd4 {(00:
33} 18. cxd4 {(00:06} Kb8 {(01:16} 19. a4 {(11:37} Nd5
{(01:47} 20. a5 {(03:23} a6 {(00:09} 21. Qa4 {(
00:05} Rc8 {(04:49} 22. Qd7 {(01:10} Be7 {(00:05} 23.
h3 {(02:56} Bc2 {(01:04} 24. Rc1 {(05:01} Rd8 {(
00:10} 25. Qxd8+ {(01:18} Bxd8 {(00:04} 26. Rxc2 {(00:
05} Bxa5 {(00:04} 0-1

[Event "42nd Olympiad Baku 2016 Open"]
[Site "Baku"]
[Date "2016.09.08"]
[Round "6.14"]
[White "Laurusas, Tomas"]
[Black "Kadric, Denis"]
[Result "0-1"]
[ECO "A41"]
[WhiteElo "2437"]
[BlackElo "2583"]
[Annotator ""]
[PlyCount "38"]
[EventDate "2016.??.??"]
[EventCountry "AZE"]
[SourceTitle "playchess.com"]
[Source "ChessBase"]
[WhiteTeam "Lithuania"]
[BlackTeam "Bosnia  Herzegovina"]
[WhiteTeamCountry "LTU"]
[BlackTeamCountry "BIH"]
[TimeControl "40/5400+30:1800+30"]

1. d4 {(00:00} d6 {(00:00} 2. c4 {(00:00} e5 {(
00:57} 3. Nc3 {(00:00} exd4 {(00:02} 4. Qxd4 {(00:00}
Nf6 {(00:02} 5. Nf3 {(00:43} Nc6 {(00:52} 6. Qd2 {
(00:07} Be6 {(00:02} 7. e3 {(01:33} Ne5 {(02:51]
} 8. Ng5 {(06:39} Bxc4 {(14:15} 9. f4 {(00:07} Nfd7 {
(00:02} 10. fxe5 {(00:14} Qxg5 {(00:08} 11. Bxc4 {
(19:07} Qh4+ {(01:44} 12. g3 {(00:07} Qxc4 {(00:
03} 13. exd6 {(00:15} Bxd6 {(01:58} 14. b3 {(00:09}
Qc6 {(13:24} 15. O-O {(04:12} Ne5 {(00:02} 16. Nd5 {
(00:44} O-O-O {(03:21} 17. e4 {(00:07} Bc5+ {(
10:54} 18. Kg2 {(00:01} Rhe8 {(00:04} 19. Bb2 {(03:55}
Ng4 {(02:16} 0-1

[Event "42nd Olympiad Baku 2016 Open"]
[Site "Baku"]
[Date "2016.09.08"]
[Round "6.13"]
[White "Lee, Jun Hyeok"]
[Black "Mabrouk, Fathi"]
[Result "1-0"]
[ECO "A59"]
[WhiteElo "2238"]
[BlackElo "2145"]
[Annotator ""]
[PlyCount "105"]
[EventDate "2016.??.??"]
[EventCountry "AZE"]
[SourceTitle "playchess.com"]
[Source "ChessBase"]
[WhiteTeam "Korea"]
[BlackTeam "Tunisia"]
[WhiteTeamCountry "KOR"]
[BlackTeamCountry "TUN"]
[TimeControl "40/5400+30:1800+30"]

1. d4 {(00:00} Nf6 {(00:00} 2. c4 {(00:00} c5 {(
00:00} 3. d5 {(00:53} b5 {(00:16} 4. cxb5 {(00:32} a6
{(00:08} 5. bxa6 {(00:05} g6 {(01:19} 6. Nc3 {(
00:04} Bxa6 {(00:08} 7. e4 {(00:06} Bxf1 8. Kxf1 {(00:
03} d6 {(01:18} 9. g3 {(00:05} Bg7 {(00:04} 10. Kg2 {
(00:04} O-O {(00:08} 11. Nf3 {(00:02} Nbd7 {(04:
20} 12. a4 {(00:07} Qa5 {(02:45} 13. Bd2 {(02:48} Rfb8
{(01:21} 14. Nb5 {(02:00} Qb6 {(03:00} 15. Qc2 {
(01:25} Rb7 {(11:03} 16. Bc3 {(07:02} Ne8 {(04:
17} 17. Nd2 {(06:07} Nc7 {(10:13} 18. Nc4 {(01:08} Qa6
{(00:14} 19. Bxg7 {(00:36} Kxg7 {(00:27} 20. b3 {
(03:59} Kg8 {(06:39} 21. Nxc7 {(12:42} Rxc7 {(
01:06} 22. a5 {(00:08} Rf8 {(06:30} 23. h4 {(01:33} h5
{(02:32} 24. Ra4 {(05:05} Rb7 {(02:35} 25. Rd1 {
(04:14} Rfb8 {(09:02} 26. Rd3 {(00:09} Rb4 {(01:
48} 27. Ra3 {(03:44} Qc8 {(11:10} 28. Qe2 {(02:13} Qa6
{(05:31} 29. Re3 {(02:01} Nf6 {(03:52} 30. Qf3 {
(01:05} Ng4 {(01:32} 31. Rc3 {(00:40} Kg7 {(08:
14} 32. Qd3 {(02:34} Qa8 {(01:56} 33. f3 {(08:12} Nf6
{(00:12} 34. a6 {(06:15} Nd7 {(01:27} 35. Rc2 {(
01:35} Kg8 {(00:50} 36. Rd2 {(02:32} R8b5 {(01:08} 37.
f4 {(01:12} Nb6 {(00:40} 38. e5 {(04:42} dxe5 {(
00:35} 39. fxe5 {(01:01} e6 {(00:31} 40. Nxb6 {(00:00}
Rxb6 {(00:00} 41. Qf3 {(15:50} Rxa6 {(20:40} 42. Rxa6 {
(00:07} Qxa6 {(00:05} 43. d6 {(00:08} Rd4 {(02:
42} 44. Rxd4 {(03:11} cxd4 {(00:11} 45. d7 {(00:04}
Qa5 {(04:40} 46. b4 {(00:05} Qd8 {(01:56} 47. Qc6 {
(00:05} Kf8 {(01:08} 48. Qd6+ {(00:18} Kg7 {(00:
21} 49. Qxd4 {(00:57} Qa8+ {(00:44} 50. Kg1 {(00:43}
Qf3 {(01:43} 51. d8=Q {(00:33} Qxg3+ {(00:10} 52. Kf1 {
(00:06} Qf3+ {(00:54} 53. Ke1 {(00:07} 1-0

[Event "42nd Olympiad Baku 2016 Open"]
[Site "Baku"]
[Date "2016.09.08"]
[Round "6.27"]
[White "Li, Chao b"]
[Black "Flores, Diego"]
[Result "1-0"]
[ECO "E21"]
[WhiteElo "2746"]
[BlackElo "2595"]
[Annotator ""]
[PlyCount "73"]
[EventDate "2016.??.??"]
[EventCountry "AZE"]
[SourceTitle "playchess.com"]
[Source "ChessBase"]
[WhiteTeam "China"]
[BlackTeam "Argentina"]
[WhiteTeamCountry "CHN"]
[BlackTeamCountry "ARG"]
[TimeControl "40/5400+30:1800+30"]

1. d4 {(00:00} Nf6 {(00:02} 2. c4 {(00:00} e6 {(
00:14} 3. Nc3 {(00:00} Bb4 {(00:50} 4. Nf3 {(00:00} b6
{(01:28} 5. e3 {(00:22} c5 {(04:29} 6. Bd3 {(01:
43} Nc6 {(08:37} 7. O-O {(01:11} Bxc3 {(00:49} 8. bxc3
{(00:07} d6 {(00:10} 9. e4 {(10:24} e5 {(00:54}
10. h3 {(03:19} h6 {(01:19} 11. Be3 {(05:36} g5 {
(02:00} 12. Bc2 {(03:55} Qe7 {(08:08} 13. Re1 {(
14:07} Rg8 {(12:29} 14. Nh2 {(02:45} Na5 {(04:58} 15.
Bd3 {(02:27} g4 {(06:38} 16. h4 {(04:47} g3 {(
02:53} 17. fxg3 {(01:42} Rxg3 {(00:22} 18. Bxh6 {(04:
08} Ng4 {(04:30} 19. Bg5 {(14:00} f6 {(00:30} 20. Be2
{(00:08} fxg5 {(15:36} 21. Nxg4 {(00:17} gxh4 {(
01:11} 22. dxe5 {(02:52} Qg5 {(14:19} 23. Nf6+ {(05:53]
} Kf7 {(00:19} 24. Qd5+ {(00:40} Be6 {(00:25} 25. Bh5+
{(00:32} Qxh5 {(03:05} 26. Nxh5 {(10:08} Bxd5 {(
00:12} 27. Rf1+ {(01:57} Kg6 {(03:22} 28. Nxg3 {(00:53]
} Bxc4 {(00:25} 29. Rf6+ {(00:04} Kg5 {(00:51} 30. Rf5+
{(01:02} Kg6 {(00:45} 31. Nh5 {(00:53} dxe5 {(
00:47} 32. Rd1 {(00:05} Nb7 {(00:15} 33. Rd7 {(01:22}
Be6 {(03:02} 34. Rg7+ {(04:50} Kh6 {(00:02} 35. Rxe5 {
(00:52} Nd8 {(00:34} 36. Reg5 {(00:12} Bf7 {(00:
21} 37. Nf6 {(00:07} 1-0

[Event "42nd Olympiad Baku 2016 Open"]
[Site "Baku"]
[Date "2016.09.08"]
[Round "6.14"]
[White "Lill, Sami"]
[Black "Brookfield, Toby"]
[Result "1-0"]
[ECO "B51"]
[WhiteElo "1870"]
[BlackElo "1909"]
[Annotator ""]
[PlyCount "81"]
[EventDate "2016.??.??"]
[EventCountry "AZE"]
[SourceTitle "playchess.com"]
[Source "ChessBase"]
[WhiteTeam "Bermuda"]
[BlackTeam "Channel Islands"]
[WhiteTeamCountry "BER"]
[BlackTeamCountry "GCI"]
[TimeControl "40/5400+30:1800+30"]

1. e4 {(00:00} c5 {(00:00} 2. Nf3 {(00:00} d6 {(
00:00} 3. Bb5+ {(00:00} Nd7 {(00:17} 4. O-O {(00:00}
a6 {(00:49} 5. Bxd7+ {(00:05} Bxd7 {(00:04} 6. c3 {
(00:30} Nf6 {(00:26} 7. Re1 {(00:08} Bc6 {(02:
17} 8. d3 {(02:02} h6 {(00:38} 9. Nbd2 {(02:35} e5 {
(06:55} 10. Nf1 {(03:07} Be7 {(00:56} 11. Ng3 {(
00:29} Bd7 {(02:22} 12. h3 {(02:07} O-O {(00:11} 13.
Be3 {(00:43} Be6 {(06:28} 14. Qd2 {(01:20} Rc8 {
(02:43} 15. b3 {(07:53} Kh7 {(03:36} 16. d4 {(
02:30} exd4 {(03:27} 17. cxd4 {(00:13} d5 {(01:16} 18.
e5 {(04:13} Ne4 {(00:53} 19. Qd3 {(01:32} Kg8 {(
08:27} 20. Nxe4 {(02:05} dxe4 {(00:23} 21. Qxe4 {(00:
17} Bd5 {(01:28} 22. Qg4 {(02:54} Bxf3 {(06:53} 23.
gxf3 {(06:51} Rc6 {(02:32} 24. Kh2 {(04:43} Rg6 {
(11:08} 25. Qe4 {(01:52} f5 {(04:36} 26. exf6 {(
09:36} Qd6+ {(03:45} 27. Kh1 {(13:22} Rgxf6 {(06:41}
28. dxc5 {(03:22} Qc7 {(00:25} 29. Bd4 {(06:56} Rxf3 {
(02:04} 30. Qxe7 {(08:09} Rxh3+ {(02:32} 31. Kg1 {
(00:26} Qh2+ {(02:56} 32. Kf1 {(00:01} Qh1+ {(
01:13} 33. Ke2 {(00:09} Rxf2+ {(00:08} 34. Kd1 {(10:45]
} Qf3+ {(06:47} 35. Kc1 {(01:35} Qf4+ {(00:49} 36. Be3
{(01:02} Qf5 {(01:18} 37. Bxf2 {(02:41} Rc3+ {(
05:30} 38. Kb2 {(00:06} Qc2+ {(00:56} 39. Ka3 {(00:02}
Qxf2 {(01:08} 40. Re2 {(00:00} Qg3 {(00:00} 41. Rf1 {
(05:07} 1-0

[Event "42nd Olympiad Baku 2016 Open"]
[Site "Baku"]
[Date "2016.09.08"]
[Round "6.7"]
[White "Linster, Philippe"]
[Black "Averbukh, Alex"]
[Result "1-0"]
[ECO "D31"]
[WhiteElo "2233"]
[BlackElo "2223"]
[Annotator ""]
[PlyCount "155"]
[EventDate "2016.??.??"]
[EventCountry "AZE"]
[SourceTitle "playchess.com"]
[Source "ChessBase"]
[WhiteTeam "Luxembourg"]
[BlackTeam "Japan"]
[WhiteTeamCountry "LUX"]
[BlackTeamCountry "JPN"]
[TimeControl "40/5400+30:1800+30"]

1. d4 {(00:00} d5 {(00:00} 2. c4 {(00:00} e6 {(
00:00} 3. Nc3 {(01:07} c6 {(00:00} 4. e3 {(00:51} f5 {
(00:09} 5. Nf3 {(01:13} Nf6 {(00:09} 6. Bd3 {(
01:19} Bd6 {(00:17} 7. Qc2 {(02:15} Nbd7 {(01:59} 8.
cxd5 {(01:03} cxd5 {(00:27} 9. Bd2 {(09:21} a6 {
(06:48} 10. O-O {(04:01} O-O {(04:12} 11. Ne2 {(
09:35} Ne4 {(04:31} 12. Nf4 {(01:33} Qe7 {(03:10} 13.
h4 {(00:35} Ndf6 {(03:06} 14. Rfc1 {(04:54} Bd7 {
(04:23} 15. Be1 {(02:40} Bc6 {(01:39} 16. g3 {(
05:21} Ng4 {(06:26} 17. Qe2 {(07:30} Rf6 {(14:50} 18.
Ng5 {(18:46} e5 {(11:55} 19. dxe5 {(07:30} Nxe5 {
(00:23} 20. Nf3 {(07:58} Nxf3+ {(04:45} 21. Qxf3 {
(00:01} Be5 {(03:11} 22. Qe2 {(01:50} Re8 {(10:
13} 23. Bxe4 {(03:16} fxe4 {(00:20} 24. Bc3 {(00:29}
Bxc3 {(01:42} 25. Rxc3 {(00:52} Rd8 {(01:36} 26. Rd1 {
(00:35} Rfd6 {(04:11} 27. Rd4 {(00:34} Qf7 {(02:
29} 28. Rc2 {(01:07} g6 {(03:23} 29. Rcd2 {(00:59} Qf5
{(00:55} 30. Qd1 {(00:57} h6 {(01:18} 31. Ne2 {(
03:02} g5 {(02:07} 32. h5 {(00:24} Bb5 {(01:19} 33.
Nc3 {(01:00} Bd3 {(00:17} 34. Qb3 {(01:54} b5 {(
01:00} 35. a4 {(00:29} Kg7 {(01:32} 36. axb5 {(00:12}
axb5 {(00:09} 37. Nxb5 {(01:15} Rb6 {(01:33} 38. Qc3 {
(01:40} Kg8 {(01:49} 39. Na3 {(00:46} Rc8 {(00:
20} 40. Rxd5 {(00:00} Qe6 {(00:00} 41. Qd4 {(08:35}
Rc1+ {(09:18} 42. Kh2 {(00:18} Rbc6 {(00:22} 43. Rd8+ {
(03:57} Kf7 {(01:12} 44. Rd1 {(06:42} Rxd1 {(04:
06} 45. Qa7+ {(00:15} Qe7 {(00:27} 46. Rd7 {(00:14}
Re6 {(00:11} 47. Rxe7+ {(03:18} Rxe7 {(00:03} 48. Qb6 {
(01:02} Re6 {(05:01} 49. Qc7+ {(02:16} Re7 {(00:
32} 50. Qd6 {(00:39} Re6 {(03:32} 51. Qd7+ {(00:03}
Re7 {(01:02} 52. Qd5+ {(00:26} Kf8 {(00:37} 53. Qd8+ {
(01:14} Kf7 {(00:38} 54. Nc4 {(00:25} Be2 {(00:
27} 55. Nd2 {(02:40} Bf3 {(03:48} 56. Qd5+ {(00:07}
Kg7 {(00:24} 57. Qd4+ {(01:52} Kh7 {(00:15} 58. g4 {
(01:03} Rh1+ {(04:08} 59. Kg3 {(00:00} Rg1+ {(
00:10} 60. Kh2 {(00:05} Rg2+ {(00:23} 61. Kh3 {(00:40}
Rxf2 {(00:50} 62. Qd6 {(00:46} Rg7 {(00:38} 63. b4 {
(02:17} Re2 {(01:38} 64. Nxf3 {(01:04} Rxe3 {(
00:11} 65. Qe6 {(00:53} Rxf3+ {(00:06} 66. Kg2 {(00:02]
} Rf4 {(00:16} 67. b5 {(00:07} e3 {(01:00} 68. b6 {
(00:59} Rf2+ {(03:10} 69. Kg3 {(00:18} Rf8 {(00:
48} 70. Qxe3 {(01:07} Rb8 {(00:33} 71. Qd3+ {(01:06}
Kg8 {(00:29} 72. Qd6 {(00:30} Rbb7 {(00:37} 73. Qxh6 {
(00:13} Rbf7 {(00:13} 74. Qe6 {(00:09} Kh8 {(00:
21} 75. h6 {(00:44} Rg6 {(00:44} 76. Qxf7 {(00:13}
Rxh6 {(00:12} 77. Qf8+ {(00:10} Kh7 {(00:02} 78. Qxh6+
{(00:05} 1-0